TOP OF THE 1ST |
Los Angeles (NYP) Angels batting - Pitching for Lowell Spinners : RHP Ryuhei Shimabukuro
|
Pitching: RHP Ryuhei Shimabukuro
|
|
Batting: RHB Dan Myers
|
0-0: Foul Ball, location: 2F 0-1: Ball 1-1: Ball 2-1: Ball 3-1: Foul Ball, location: 2F 3-2: Foul Ball, location: 2F 3-2: Base on Balls
|
Batting: RHB Rory Cobb
|
0-0: Called Strike 0-1: Foul Ball, location: 2F 0-2: Strikes out swinging
|
Batting: RHB Kyle Gray
|
0-0: Called Strike Dan Myers is caught stealing 2nd base 2-4 0-1: Foul Ball, location: 2F 0-2: Ball 1-2: Ball 2-2: Foul Ball, location: 2F 2-2: SINGLE (Groundball, 34D, EV 108.1 MPH)
|
Batting: SHB Danny Gelinas
|
0-0: Ball 1-0: Called Strike 1-1: Foul Ball, location: 2F 1-2: Strikes out looking
|
Top of the 1st over - 0 runs, 1 hit, 0 errors, 1 left on base; Los Angeles (NYP) 0 - Lowell 0 |
BOTTOM OF THE 1ST |
Lowell Spinners batting - Pitching for Los Angeles (NYP) Angels : LHP Jon Lawson
|
Pitching: LHP Jon Lawson
|
|
Batting: RHB Aukukero Tairi
|
0-0: Called Strike 0-1: Foul Ball, location: 2F 0-2: Strikes out swinging
|
Batting: SHB Salvador Padilla
|
0-0: Foul Ball, location: 2F 0-1: Fly out, F7 (Flyball, 78D, EV 101.9 MPH)
|
Batting: RHB Xavier Joslin
|
0-0: Foul Ball, location: 2F 0-1: Ball 1-1: Swinging Strike 1-2: Fly out, F8 (Flyball, 89XD, EV 103.1 MPH)
|
Bottom of the 1st over - 0 runs, 0 hits, 0 errors, 0 left on base; Los Angeles (NYP) 0 - Lowell 0 |
TOP OF THE 2ND |
Los Angeles (NYP) Angels batting - Pitching for Lowell Spinners : RHP Ryuhei Shimabukuro
|
Batting: RHB Dan Burkhart
|
0-0: Ball 1-0: Foul Ball, location: 2F 1-1: Ball 2-1: Swinging Strike 2-2: Foul Ball, location: 2F 2-2: Ball 3-2: Base on Balls
|
Batting: LHB Alberto Carrillo
|
0-0: Called Strike 0-1: Foul Ball, location: 2F 0-2: Ball 1-2: Foul Ball, location: 2F 1-2: Foul Ball, location: 2F 1-2: Ball 2-2: Strikes out looking Dan Burkhart steals 2nd base Batter strikes out.
|
Batting: RHB David Rhodes
|
0-0: DOUBLE (Line Drive, 89D, EV 105.0 MPH) Dan Burkhart scores
|
Batting: RHB Malachi Ephron
|
0-0: Ball 1-0: Ball 2-0: Swinging Strike 2-1: Foul Ball, location: 2F 2-2: Strikes out swinging
|
Batting: RHB Ron Major
|
0-0: Ball 1-0: Called Strike 1-1: Called Strike 1-2: Strikes out swinging
|
Top of the 2nd over - 1 run, 1 hit, 0 errors, 1 left on base; Los Angeles (NYP) 1 - Lowell 0 |
BOTTOM OF THE 2ND |
Lowell Spinners batting - Pitching for Los Angeles (NYP) Angels : LHP Jon Lawson
|
Batting: RHB Guillermo Quintero
|
0-0: Swinging Strike 0-1: Foul Ball, location: 2F 0-2: Strikes out swinging
|
Batting: RHB Mario Arriero
|
0-0: Called Strike 0-1: Ball 1-1: Foul Ball, location: 2F 1-2: TRIPLE (Flyball, 89XD, EV 100.6 MPH)
|
Batting: RHB Mike Strey
|
0-0: Swinging Strike 0-1: Ball 1-1: Foul Ball, location: 2F 1-2: SINGLE (Groundball, 5D, EV 98.1 MPH) Mario Arriero scores
|
Batting: RHB Jose Molina
|
0-0: Ball 1-0: Ball 2-0: Foul Ball, location: 2F 2-1: SINGLE (Groundball, 34D, EV 105.6 MPH) Mike Strey to second Runner from 2nd tries for 3rd, SAFE, throw by RF made to third
|
Pinch Runner at 3rd John Doucette:
|
|
Batting: RHB Rogelio Cervantes
|
0-0: Foul Ball, location: 2F 0-1: Foul Ball, location: 2F 0-2: Ball 1-2: SINGLE (Groundball, 5S, EV 69.4 MPH) (infield hit) John Doucette scores Jose Molina to second
|
Batting: RHB Willie Camacho
|
0-0: Ball 1-0: Ball 2-0: Ball Wild Pitch! Jose Molina to third Rogelio Cervantes to second 3-0: Called Strike 3-1: Called Strike 3-2: Strikes out swinging
|
Batting: RHB Aukukero Tairi
|
0-0: Ball 1-0: Called Strike 1-1: Ball 2-1: Foul Ball, location: 2F 2-2: Fly out, F7 (Flyball, 7LM, EV 95.6 MPH)
|
Bottom of the 2nd over - 2 runs, 4 hits, 0 errors, 2 left on base; Los Angeles (NYP) 1 - Lowell 2 |
TOP OF THE 3RD |
Los Angeles (NYP) Angels batting - Pitching for Lowell Spinners : RHP Ryuhei Shimabukuro
|
Now at C: Raul Sanchez
|
|
Batting: RHB Dan Myers
|
0-0: Ball 1-0: Ball 2-0: Bunted foul 2-1: Ball 3-1: TRIPLE (Line Drive, 78XD, EV 105.6 MPH)
|
Batting: RHB Rory Cobb
|
0-0: Foul Ball, location: 2F 0-1: Ball 1-1: Ground out 4-3 (Groundball, 4S, EV 69.4 MPH) Dan Myers scores
|
Batting: RHB Kyle Gray
|
0-0: Foul Ball, location: 2F 0-1: SINGLE (Flyball, 5D, EV 88.1 MPH)
|
Batting: SHB Danny Gelinas
|
0-0: Called Strike 0-1: Ball 1-1: Called Strike 1-2: Strikes out swinging
|
Batting: RHB Dan Burkhart
|
0-0: Ball 1-0: Called Strike 1-1: Ball 2-1: Foul Ball, location: 2F 2-2: Strikes out looking
|
Top of the 3rd over - 1 run, 2 hits, 0 errors, 1 left on base; Los Angeles (NYP) 2 - Lowell 2 |
BOTTOM OF THE 3RD |
Lowell Spinners batting - Pitching for Los Angeles (NYP) Angels : LHP Jon Lawson
|
Batting: SHB Salvador Padilla
|
0-0: Ball 1-0: Ball 2-0: Swinging Strike 2-1: Ball 3-1: Foul Ball, location: 2F 3-2: Ground out 1-3 (Groundball, 25, EV 73.1 MPH)
|
Batting: RHB Xavier Joslin
|
0-0: Ball 1-0: SINGLE (Groundball, 34D, EV 108.8 MPH)
|
Batting: RHB Guillermo Quintero
|
0-0: Ball 1-0: Ball 2-0: Called Strike 2-1: Foul Ball, location: 2F 2-2: Ball 3-2: Foul Ball, location: 2F 3-2: Foul Ball, location: 2F 3-2: Strikes out looking
|
Batting: RHB Mario Arriero
|
0-0: Foul Ball, location: 2F 0-1: Foul Ball, location: 2F 0-2: Foul Ball, location: 2F 0-2: Ground out U3 (Groundball, 3L, EV 95.0 MPH)
|
Bottom of the 3rd over - 0 runs, 1 hit, 0 errors, 1 left on base; Los Angeles (NYP) 2 - Lowell 2 |
TOP OF THE 4TH |
Los Angeles (NYP) Angels batting - Pitching for Lowell Spinners : RHP Ryuhei Shimabukuro
|
Batting: LHB Alberto Carrillo
|
0-0: Ball 1-0: Called Strike 1-1: Called Strike 1-2: Strikes out swinging
|
Batting: RHB David Rhodes
|
0-0: Ball 1-0: Foul Ball, location: 2F 1-1: Fly out, F8 (Flyball, 8RD, EV 84.4 MPH)
|
Batting: RHB Malachi Ephron
|
0-0: Swinging Strike 0-1: Foul Ball, location: 2F 0-2: Ball 1-2: Fly out, F6 (Popup, 15S, EV 83.1 MPH)
|
Top of the 4th over - 0 runs, 0 hits, 0 errors, 0 left on base; Los Angeles (NYP) 2 - Lowell 2 |
BOTTOM OF THE 4TH |
Lowell Spinners batting - Pitching for Los Angeles (NYP) Angels : LHP Jon Lawson
|
Batting: RHB Raul Sanchez
|
0-0: Foul Ball, location: 2F 0-1: Foul Ball, location: 2F 0-2: Ball 1-2: Ball 2-2: Fly out, F7 (Flyball, 7, EV 74.4 MPH)
|
Batting: RHB Jose Molina
|
0-0: Called Strike 0-1: Swinging Strike 0-2: SINGLE (Line Drive, 4D, EV 99.4 MPH)
|
Batting: RHB Rogelio Cervantes
|
0-0: Called Strike 0-1: Ball 1-1: Foul Ball, location: 2F 1-2: Ground out 5-3 (Groundball, 5L, EV 105.0 MPH) Jose Molina to second
|
Batting: RHB Willie Camacho
|
0-0: Ball 1-0: SINGLE (Groundball, 34S, EV 68.8 MPH) (infield hit) Jose Molina to third
|
Batting: RHB Aukukero Tairi
|
0-0: Ball 1-0: Ball 2-0: Fly out, F8 (Flyball, 8LD, EV 90.6 MPH)
|
Bottom of the 4th over - 0 runs, 2 hits, 0 errors, 2 left on base; Los Angeles (NYP) 2 - Lowell 2 |
TOP OF THE 5TH |
Los Angeles (NYP) Angels batting - Pitching for Lowell Spinners : RHP Ryuhei Shimabukuro
|
Batting: RHB Ron Major
|
0-0: Called Strike 0-1: Ball 1-1: Foul Ball, location: 2F 1-2: Foul Ball, location: 2F 1-2: Strikes out swinging, 2-3 out at first.
|
Batting: RHB Dan Myers
|
0-0: Swinging Strike 0-1: Foul Ball, location: 2F 0-2: Foul Ball, location: 2F 0-2: Ball 1-2: Strikes out swinging
|
Batting: RHB Rory Cobb
|
0-0: SINGLE (Groundball, 6D, EV 95.6 MPH)
|
Pitching: RHP Jose Abanto
|
|
Batting: RHB Kyle Gray
|
0-0: Ball Rory Cobb steals 2nd base 1-0: Ball 2-0: Ball 3-0: Base on Balls
|
Batting: SHB Danny Gelinas
|
0-0: Called Strike 0-1: Foul Ball, location: 2F 0-2: Foul Ball, location: 2F 0-2: Foul Ball, location: 2F 0-2: Ball 1-2: Strikes out swinging
|
Top of the 5th over - 0 runs, 1 hit, 0 errors, 2 left on base; Los Angeles (NYP) 2 - Lowell 2 |
BOTTOM OF THE 5TH |
Lowell Spinners batting - Pitching for Los Angeles (NYP) Angels : LHP Jon Lawson
|
Batting: SHB Salvador Padilla
|
0-0: Ball 1-0: Ball 2-0: Swinging Strike 2-1: Swinging Strike 2-2: Strikes out swinging
|
Pitching: RHP Arnold Frye
|
|
Batting: RHB Xavier Joslin
|
0-0: Ball 1-0: Ground out U3 (Groundball, 3S, EV 85.0 MPH)
|
Batting: RHB Guillermo Quintero
|
0-0: Fly out, F7 (Flyball, 7, EV 93.1 MPH)
|
Bottom of the 5th over - 0 runs, 0 hits, 0 errors, 0 left on base; Los Angeles (NYP) 2 - Lowell 2 |
TOP OF THE 6TH |
Los Angeles (NYP) Angels batting - Pitching for Lowell Spinners : RHP Jose Abanto
|
Batting: RHB Dan Burkhart
|
0-0: Foul Ball, location: 2F 0-1: Ball 1-1: Ball 2-1: Swinging Strike 2-2: Ball 3-2: Strikes out looking
|
Batting: LHB Alberto Carrillo
|
0-0: Ball 1-0: Ground out 6-3 (Groundball, 6, EV 101.9 MPH)
|
Batting: RHB David Rhodes
|
0-0: Swinging Strike 0-1: Swinging Strike 0-2: Ball 1-2: Ball 2-2: Strikes out looking
|
Top of the 6th over - 0 runs, 0 hits, 0 errors, 0 left on base; Los Angeles (NYP) 2 - Lowell 2 |
BOTTOM OF THE 6TH |
Lowell Spinners batting - Pitching for Los Angeles (NYP) Angels : RHP Arnold Frye
|
Batting: RHB Mario Arriero
|
0-0: Called Strike 0-1: Ball 1-1: Ball 2-1: Ground out 4-3 (Groundball, 4S, EV 81.9 MPH)
|
Batting: RHB Raul Sanchez
|
0-0: SINGLE (Flyball, 5D, EV 90.0 MPH)
|
Batting: RHB Jose Molina
|
0-0: Called Strike 0-1: Ball 1-1: DOUBLE (Line Drive, 7LM, EV 108.1 MPH) Raul Sanchez to third Runner from 3rd tries for Home, throw by LF and OUT! 7-6-2
|
Batting: RHB Rogelio Cervantes
|
0-0: Ground out 6-3 (Groundball, 6, EV 103.1 MPH)
|
Bottom of the 6th over - 0 runs, 2 hits, 0 errors, 1 left on base; Los Angeles (NYP) 2 - Lowell 2 |
TOP OF THE 7TH |
Los Angeles (NYP) Angels batting - Pitching for Lowell Spinners : RHP Jose Abanto
|
Batting: RHB Malachi Ephron
|
0-0: Ball 1-0: Called Strike 1-1: Foul Ball, location: 2F 1-2: Ball 2-2: Foul Ball, location: 2F 2-2: Ball 3-2: Fly out, F8 (Flyball, 78D, EV 92.5 MPH)
|
Batting: RHB Ron Major
|
0-0: Swinging Strike 0-1: Ball 1-1: Fly out, F4 (Popup, 34S, EV 75.6 MPH)
|
Batting: RHB Dan Myers
|
0-0: Ball 1-0: Ball 2-0: Called Strike 2-1: TRIPLE (Line Drive, 89XD, EV 107.5 MPH)
|
Batting: RHB Rory Cobb
|
0-0: Called Strike 0-1: Foul Ball, location: 2F 0-2: Foul Ball, location: 2F 0-2: Strikes out looking
|
Top of the 7th over - 0 runs, 1 hit, 0 errors, 1 left on base; Los Angeles (NYP) 2 - Lowell 2 |
BOTTOM OF THE 7TH |
Lowell Spinners batting - Pitching for Los Angeles (NYP) Angels : RHP Arnold Frye
|
Batting: RHB Willie Camacho
|
0-0: Called Strike 0-1: Ground out 6-3 (Groundball, 6M, EV 86.2 MPH)
|
Batting: RHB Aukukero Tairi
|
0-0: Called Strike 0-1: Ball 1-1: Foul Ball, location: 2F 1-2: Ground out U3 (Groundball, 34, EV 107.5 MPH)
|
Batting: SHB Salvador Padilla
|
0-0: Foul Ball, location: 2F 0-1: Ground out 6-3 (Groundball, 6, EV 79.4 MPH)
|
Bottom of the 7th over - 0 runs, 0 hits, 0 errors, 0 left on base; Los Angeles (NYP) 2 - Lowell 2 |
TOP OF THE 8TH |
Los Angeles (NYP) Angels batting - Pitching for Lowell Spinners : RHP Jose Abanto
|
Batting: RHB Kyle Gray
|
0-0: Ball 1-0: Ball 2-0: Foul Ball, location: 2F 2-1: Ball 3-1: Base on Balls
|
Pitching: LHP Chris Deans
|
|
Batting: SHB Danny Gelinas
|
0-0: Called Strike 0-1: Swinging Strike 0-2: Hit by Pitch Kyle Gray to second
|
Batting: RHB Dan Burkhart
|
0-0: Ball 1-0: Fly out, F7 (Flyball, 78S, EV 98.1 MPH)
|
Pinch Hitting: RHB Sean Rocha
|
0-0: Foul Ball, location: 2F 0-1: Grounds into double play, 4-6-3 (Groundball, 4, EV 105.0 MPH)
|
Top of the 8th over - 0 runs, 0 hits, 0 errors, 1 left on base; Los Angeles (NYP) 2 - Lowell 2 |
BOTTOM OF THE 8TH |
Lowell Spinners batting - Pitching for Los Angeles (NYP) Angels : RHP Arnold Frye
|
Now in RF: Jamie Diebel
|
|
Batting: RHB Xavier Joslin
|
0-0: Called Strike 0-1: Ball 1-1: Ball 2-1: Foul Ball, location: 2F 2-2: Ball 3-2: Base on Balls
|
Pitching: RHP Jerry Romero
|
|
Batting: RHB Guillermo Quintero
|
0-0: Called Strike 0-1: Ball 1-1: Swinging Strike 1-2: Foul Ball, location: 2F 1-2: Ball 2-2: Ball 3-2: Reached on error, E5 (Groundball, 56, EV 80.6 MPH) Xavier Joslin to second
|
Pinch Runner at 2nd Curt Stallings:
|
|
Pinch Hitting: LHB Nelis Geurts
|
0-0: Ball Passed Ball! Curt Stallings to third Guillermo Quintero to second 1-0: Ball 2-0: Called Strike 2-1: DOUBLE (Line Drive, 7LM, EV 108.1 MPH) Curt Stallings scores Guillermo Quintero scores
|
Batting: RHB Raul Sanchez
|
0-0: Swinging Strike 0-1: Called Strike 0-2: Strikes out looking
|
Batting: RHB Jose Molina
|
0-0: Ball 1-0: Ball 2-0: Fly out, F8 (Flyball, 8LD, EV 93.8 MPH)
|
Batting: RHB Rogelio Cervantes
|
0-0: Ground out 5-3 (Groundball, 5L, EV 80.0 MPH)
|
Bottom of the 8th over - 2 runs, 1 hit, 1 error, 1 left on base; Los Angeles (NYP) 2 - Lowell 4 |
TOP OF THE 9TH |
Los Angeles (NYP) Angels batting - Pitching for Lowell Spinners : LHP Chris Deans
|
Now in LF: Danny Marquez
|
|
Batting: RHB David Rhodes
|
0-0: Called Strike 0-1: SINGLE (Line Drive, 78S, EV 106.2 MPH)
|
Batting: RHB Malachi Ephron
|
0-0: Ball 1-0: Ball 2-0: Called Strike 2-1: Swinging Strike 2-2: Foul Ball, location: 2F 2-2: Grounds into double play, U4-3 (Groundball, 6MD, EV 86.2 MPH)
|
Batting: RHB Ron Major
|
0-0: Ball 1-0: Called Strike 1-1: SINGLE (Line Drive, 8RS, EV 105.6 MPH)
|
Batting: RHB Dan Myers
|
0-0: Ball 1-0: Swinging Strike 1-1: Ball 2-1: Swinging Strike 2-2: Ground out 6-3 (Groundball, 6S, EV 90.0 MPH)
|
Top of the 9th over - 0 runs, 2 hits, 0 errors, 1 left on base; Los Angeles (NYP) 2 - Lowell 4 |
|